 Dungeon Crawl Stone Soup version 0.22-a0-231-g1b571ea (webtiles) character file.

1171 Azzok the Vexing (level 8, -1/46 HPs)
             Began as a Deep Elf Enchanter on Feb 20, 2018.
             Was a Follower of Vehumet.
             Killed by divine providence
             ... invoked by an orc priest
              (13 damage)
             ... on level 5 of the Dungeon.
             The game lasted 00:12:13 (5713 turns).

Azzok the Vexing (Deep Elf Enchanter)               Turns: 5713, Time: 00:12:14

Health: -1/46      AC:  7    Str:  8    XL:     8   Next: 18%
Magic:  6/16       EV: 15    Int: 23    God:    Vehumet [*.....]
Gold:   128        SH:  0    Dex: 15    Spells: 6/15 levels left

rFire    . . .     SeeInvis .   e - +3 dagger (speed)
rCold    . . .     Gourm    .   (no shield)
rNeg     . . .     Faith    .   b - +0 robe
rPois    .         Spirit   .   s - +0 hat
rElec    .         Reflect  .   (no cloak)
rCorr    .         Harm     .   d - +0 pair of gloves
MR       .....                  (no boots)
Stlth    +++.......             m - amulet of magic regeneration
HPRegen  0.15/turn              y - +4 ring of protection
MPRegen  0.40/turn              l - +3 ring of strength

@: no status effects
A: no striking features
a: Renounce Religion


You were on level 5 of the Dungeon.
You worshipped Vehumet.
Vehumet was aware of your devotion.
You were not hungry.

You visited 1 branch of the dungeon, and saw 5 of its levels.

You collected 348 gold pieces.
You spent 220 gold pieces at shops.

Inventory:

Hand Weapons
 e - a +3 dagger of speed (weapon)
Armour
 b - a +0 robe (worn)
 d - a +0 pair of gloves (worn)
 s - a +0 hat (worn)
Jewellery
 g - an uncursed ring of resist corrosion
 l - a +3 ring of strength (right hand)
 m - an amulet of magic regeneration (around neck)
 t - an uncursed ring of flight
 v - an uncursed ring of fire
 y - a +4 ring of protection (left hand)
 E - an uncursed ring of protection from cold
 I - an uncursed ring of poison resistance
Wands
 n - a wand of disintegration (10)
 F - a wand of flame (13)
Scrolls
 a - a scroll of remove curse {unknown}
 k - 2 scrolls of fear {unknown}
 o - a scroll of teleportation {unknown}
 p - 2 scrolls of amnesia {unknown}
 u - 3 scrolls of identify {unknown}
 w - 2 scrolls of enchant armour {unknown}
 A - a scroll of blinking {unknown}
 B - a scroll of magic mapping {unknown}
 C - a scroll of random uselessness {unknown}
Potions
 f - 3 potions of might {unknown}
 h - a potion of haste {unknown}
 i - 4 potions of ambrosia {unknown}
 j - 3 potions of magic {unknown}
 q - a potion of flight {unknown}
 r - a potion of curing {unknown}
 x - a potion of cancellation {unknown}
 z - a potion of agility {unknown}
 D - a potion of berserk rage {unknown}
 H - 2 potions of heal wounds {unknown}
Comestibles
 c - 11 rations
 G - 11 chunks of flesh


   Skills:
 + Level 3.3 Fighting
 + Level 4.1 Short Blades
 + Level 5.4 Dodging
 + Level 6.7 Stealth
 - Level 4.1 Spellcasting
 + Level 6.9 Hexes


You had 6 spell levels left.
You knew the following spells:

 Your Spells              Type           Power        Failure   Level  Hunger
a - Corona                Hex            #####..      1%          1    None
b - Ensorcelled Hibernat  Hex/Ice        ###...       3%          2    #......
c - Confuse               Hex            #####...     1%          3    ##.....
d - Dazzling Spray        Conj/Hex       ###...       8%          3    ##.....


Dungeon Overview and Level Annotations

Branches:
Dungeon (5/15)
 Temple: D:4-7

Altars:
Makhleb
Qazlal
Ru
Vehumet
Wu Jian
Xom

Shops:
D:5 =

Annotations:
D:2 Natasha


Message History

Aiming: Ensorcelled Hibernation (safe; 3% risk of failure)
Press: ? - help, Shift-Dir - straight line, f/p - orc priest
Aim: an orc priest, wielding a short sword and wearing a ring mail (chance to defeat MR: 50%)
The orc priest resists with some effort.
The orc priest hits you but does no damage.
The orc misses you.
The orc priest mumbles some strange prayers to Beogh against you.
Pain shoots through your body!
* * * LOW HITPOINT WARNING * * *
Things that are here:
a dagger; a robe
Casting: Ensorcelled Hibernation (safe; 3% risk of failure)
Confirm with . or Enter, or press ? or * to list all spells.
Aiming: Ensorcelled Hibernation (safe; 3% risk of failure)
Press: ? - help, Shift-Dir - straight line, f/p - orc priest
Aim: an orc priest, wielding a short sword and wearing a ring mail (chance to defeat MR: 50%)
The orc priest looks drowsy...
The orc misses you.
The orc priest calls down the wrath of Beogh upon you.
Beogh smites you!
You die...

▒▒▒▒▒···▒····▒▒
▒·▒╬▒·▒▒··▒▒
▒·'∩╬·▒▒▒··▒▒
▒▒▒'▒·▒ ▒▒··▒▒
▒···▒ ▒▒··▒▒
▒▒▒▒▒ ▒▒··▒
▒··▒▒ ▒···▒
▒▒@··▒ ▒oo··▒
▒···o··▒
········o▒
▒<····(·····
▒▒▒▒▒▒··o·Z5··
▒▒·······
▒·······
·>·····


You could see 2 orc priests, an orc wizard, a crimson imp, 2 orcs and an adder
zombie.

Vanquished Creatures
  The ghost of Syneil the Skirmisher, an amateur GnWn (D:4)
  An ice beast (D:5)
  2 sky beasts (D:5)
  A phantom (D:4)
  A hornet zombie (D:5)
  3 orc wizards (D:5)
  A bullfrog skeleton (D:4)
  2 hounds (D:4)
  2 orc priests
  Natasha (D:2)
  2 worker ants
  4 gnolls
  9 adders
  An ooze (D:2)
  2 worms (D:2)
  4 dart slugs
  3 leopard geckos
  8 orcs
  4 ball pythons
  3 giant cockroaches
  6 goblins
  4 hobgoblins
  8 bats
  4 frilled lizards
  10 kobolds
  13 rats
100 creatures vanquished.

Notes
Turn   | Place    | Note
-------+----------+-------------------------------------------
     0 | D:1      | Azzok the Deep Elf Enchanter began the quest for the Orb.
     0 | D:1      | Reached XP level 1. HP: 10/10 MP: 6/6
   891 | D:1      | Reached XP level 2. HP: 15/15 MP: 8/8
   914 | D:1      | Learned a level 2 spell: Ensorcelled Hibernation
  1689 | D:2      | Reached XP level 3. HP: 20/20 MP: 9/9
  1694 | D:2      | Learned a level 3 spell: Dazzling Spray
  2020 | D:2      | Reached skill level 1 in Fighting
  2020 | D:2      | Reached XP level 4. HP: 23/25 MP: 0/11
  2720 | D:2      | Reached XP level 5. HP: 25/29 MP: 6/13
  2782 | D:2      | Noticed Natasha
  2792 | D:2      | Killed Natasha
  3178 | D:2      | Noticed Natasha
  3280 | D:3      | Found a radiant altar of Vehumet.
  3289 | D:3      | Became a worshipper of Vehumet
  3293 | D:3      | Reached skill level 5 in Hexes
  3486 | D:3      | Found a shimmering altar of Xom.
  3489 | D:3      | Found a burning altar of Makhleb.
  3491 | D:3      | Found a sacrificial altar of Ru.
  3608 | D:3      | Found an ornate altar of the Wu Jian Council.
  4043 | D:4      | Noticed a phantom
  4058 | D:5      | Entered Level 5 of the Dungeon
  4063 | D:5      | Learned a level 3 spell: Confuse
  4092 | D:4      | Found a stormy altar of Qazlal.
  4128 | D:4      | Killed a phantom
  4128 | D:4      | Reached skill level 5 in Stealth
  4128 | D:4      | Reached XP level 6. HP: 21/35 MP: 6/14
  4213 | D:4      | Noticed Syneil's ghost (amateur GnWn)
  4252 | D:4      | Killed Syneil's ghost
  4287 | D:4      | Reached XP level 7. HP: 40/40 MP: 12/15
  4726 | D:4      | Noticed a fire elemental
  4726 | D:4      | Noticed a water elemental
  4726 | D:4      | Noticed an air elemental
  5055 | D:5      | Reached * piety under Vehumet
  5055 | D:5      | Offered knowledge of Magic Dart by Vehumet.
  5513 | D:5      | Reached skill level 5 in Dodging
  5557 | D:5      | Reached XP level 8. HP: 46/46 MP: 11/16
  5621 | D:5      | Found Ikloaj's Jewellery Shop.
  5624 | D:5      | Bought an uncursed ring of poison resistance for 220 gold pieces
  5713 | D:5      | Killed from afar by an orc priest

Vault maps used:
D:1:      dpeg_arrival_boxorama, minmay_surrounded
D:2:      kennysheep_six_static_rooms, uniq_natasha
D:3:      marbit_many_paths, vehumet_crystals, grunt_temple_overflow_open
D:4:      first_ration, hangedman_abyss_or_decor_slice,
          nicolae_qazlal_style_of_elements
D:5:      lightli_temple_of_fire, serial_shops, nicolae_shop_behind_doors,
          portal_sewer_entry_b, serial_park_tiny_1

Skill      XL: |  1  2  3  4  5  6  7  8 |
---------------+-------------------------+-----
Stealth        | 4 5 6 |  6.7
Fighting       | 1 2 3 |  3.3
Dodging        | 3 4 5 |  5.4
Spellcasting   | 4 |  4.1
Short Blades   | 2 3 4 |  4.1
Hexes          | 5 6 |  6.9

Action                   |  1- 3 |  4- 6 |  7- 9 || total
-------------------------+-------+-------+-------++-------
Melee: Dagger            |    74 |   120 |    94 ||   288
 Cast: Corona            |    11 |     1 |     3 ||    15
       Ensorcelled Hiber |    15 |    26 |    39 ||    80
       Confuse           |       |    11 |     6 ||    17
       Dazzling Spray    |       |     4 |       ||     4
Evoke: Wand              |       |     1 |       ||     1
 Stab: Sleeping          |    11 |    23 |    15 ||    49
       Confused          |       |     5 |     5 ||    10
  Eat: Chunk             |     4 |     6 |     4 ||    14
       Ration            |       |     1 |       ||     1
Armor: Robe              |    13 |     6 |    18 ||    37
Dodge: Dodged            |    53 |    60 |    56 ||   169

Table legend:
 A = Spawn XP
 B = Non-spawn XP
 C = Spawn XP percentage of total XP
 D = Spawn monster count
 E = Non-spawn monster count
 F = Spawn count percentage of total count
 G = Total turns spent on level
                    A         B        C        D         E        F      G
               +---------+---------+-------+---------+---------+-------+---------
         Total |       0 |    1674 |   0.0 |       0 |     100 |   0.0 |  5713
               +---------+---------+-------+---------+---------+-------+---------
           D:1 |       0 |      28 |   0.0 |       0 |      19 |   0.0 |  1687
           D:2 |       0 |     216 |   0.0 |       0 |      32 |   0.0 |  1574
           D:3 |       0 |      41 |   0.0 |       0 |      16 |   0.0 |   679
           D:4 |       0 |     680 |   0.0 |       0 |      14 |   0.0 |  1309
           D:5 |       0 |     709 |   0.0 |       0 |      19 |   0.0 |   464
               +---------+---------+-------+---------+---------+-------+---------
